 Dungeon Crawl Stone Soup version 0.20-a0-1122-gb7cbeb9 (webtiles) character file.

21447 Copingsaw the Octopoid Aeon (level 12, -1/82 HPs)
             Began as an Octopode Transmuter on May 13, 2017.
             Was the Champion of Cheibriados.
             Hit by a tomahawk of returning thrown by an orc warrior (22 damage)
             ... on level 12 of the Dungeon on May 14, 2017.
             The game lasted 03:11:00 (20915 turns).

Copingsaw the Octopoid Aeon (Octopode Transmuter)  Turns: 20915, Time: 03:11:01

Health: -1/82      AC:  9    Str: 25    XL:     12   Next: 90%
Magic:  21/33      EV: 13    Int: 35    God:    Cheibriados [******]
Gold:   259        SH:  0    Dex: 31    Spells: 2/24 levels left

rFire    x . .     SeeInvis .     - Unarmed
rCold    + + .     Gourm    .   (shield currently unavailable)
rNeg     . . .     Faith    .   (helmet currently unavailable)
rPois    +         Spirit   .   (no amulet)
rElec    .         Reflect  .   d - ring of poison resistance
rCorr    .         Harm     .   r - ring of flight
MR       ++...                  B - ring "Bivogu" {rC- MR+ MP+9 Dex+6 Stlth+}
Stlth    ++++++....             (no ring)
Regen    0.3/turn               (no ring)
MPRegen  0.3/turn               (no ring)
                                (no ring)
                                (no ring)

@: ice-form, very slow
A: almost no armour, stealthy swim, amphibious, 8 rings, (constrict 8), clumsy
1, high mp 1, magic resistance 1
a: End Transformation, Bend Time, Temporal Distortion, Slouch, Step From Time,
Renounce Religion, Evoke Flight


You were on level 12 of the Dungeon.
You worshipped Cheibriados.
Cheibriados was exalted by your worship.
You were not hungry.
You were a creature of crystalline ice.
You visited 3 branches of the dungeon, and saw 15 of its levels.
You also visited: Ossuary.

You collected 701 gold pieces.
You spent 442 gold pieces at shops.

Inventory:

Hand Weapons
 a - a +1 flail of protection
 b - a +0 blowgun (melded)
Missiles
 n - 96 arrows
 p - 9 javelins (quivered)
 t - 82 poisoned needles
Armour
 o - a +2 hat (melded)
Jewellery
 d - a ring of poison resistance (left front paw)
 r - a ring of flight (right front paw)
 B - the ring "Bivogu" (on tentacle) {rC- MR+ MP+9 Dex+6 Stlth+}
   (You bought it in a shop on level 12 of the Dungeon)

   [ring of magical power]

   It affects your dexterity (+6).
   It makes you vulnerable to cold.
   It affects your resistance to hostile enchantments.
   It affects your magic capacity (+9).
   It makes you more stealthy.
 T - an uncursed ring of ice
Wands
 w - a wand of disintegration (8/24)
 K - a wand of lightning (10/15)
 N - a wand of polymorph (6/24)
 Q - a wand of paralysis (13/24)
 W - a wand of acid (5/15)
 Z - a wand of lightning (4/15)
Scrolls
 f - 3 scrolls of identify
 m - 7 scrolls of remove curse
 q - 4 scrolls of teleportation
 v - a scroll of brand weapon {unknown}
 y - 3 scrolls of blinking
 A - a scroll of enchant weapon {unknown}
 E - 3 scrolls of amnesia
 H - 3 scrolls of enchant armour
 J - a scroll of vulnerability {unknown}
 L - a scroll of immolation {unknown}
 P - 3 scrolls of fear
Potions
 e - 2 potions of flight
 h - 6 potions of curing
 j - 2 potions of lignification
 s - 2 potions of mutation
 u - a potion of cancellation {unknown}
 x - 2 potions of invisibility
 z - 3 potions of brilliance
 D - 2 potions of heal wounds
 F - 2 potions of resistance
 I - 3 potions of might
 V - 2 potions of agility
Books
 i - a book of Clouds

   Spells                             Type                      Level
   a - Poisonous Vapours              Poison/Air                   2
   b - Mephitic Cloud                 Conjuration/Poison/Air       3
   c - Conjure Flame                  Conjuration/Fire             3
   d - Freezing Cloud                 Conjuration/Ice/Air          6
   e - Ring of Flames                 Charms/Fire                  7
 l - a book of Changes

   Spells                             Type                      Level
   a - Beastly Appendage              Transmutation                1
   b - Sticks to Snakes               Transmutation                2
   c - Spider Form                    Transmutation/Poison         3
   d - Ice Form                       Ice/Transmutation            4
   e - Blade Hands                    Transmutation                5
 M - a book of Misfortune

   Spells                             Type                      Level
   a - Confusing Touch                Hexes                        1
   b - Confuse                        Hexes                        3
   c - Gell's Gravitas                Translocation                3
   d - Petrify                        Transmutation/Earth          4
   e - Metabolic Englaciation         Hexes/Ice                    5
   f - Yara's Violent Unravelling     Hexes/Transmutation          5
 O - a book of Air

   Spells                             Type                      Level
   a - Shock                          Conjuration/Air              1
   b - Swiftness                      Charms/Air                   2
   c - Static Discharge               Conjuration/Air              3
   d - Airstrike                      Air                          4
   e - Lightning Bolt                 Conjuration/Air              5
 X - a book of Geomancy

   Spells                             Type                      Level
   a - Sandblast                      Earth                        1
   b - Passwall                       Transmutation/Earth          2
   c - Stone Arrow                    Conjuration/Earth            3
   d - Petrify                        Transmutation/Earth          4
   e - Lee's Rapid Deconstruction     Earth                        5
Miscellaneous
 U - a lightning rod (4/4)
Comestibles
 c - 8 bread rations
 k - 8 meat rations
 R - 2 royal jellies


   Skills:
 - Level 1.2 Fighting
   Level 0.6 Slings
 - Level 3.3 Dodging
 - Level 9.2 Stealth
 - Level 7.1 Unarmed Combat
 - Level 6.6 Spellcasting
 - Level 5.3 Conjurations
 - Level 9.3 Transmutations
 - Level 5.1 Ice Magic
 + Level 7.4 Air Magic
 - Level 3.4 Earth Magic
 - Level 4.0 Poison Magic
 - Level 10.2 Invocations


You had 2 spell levels left.
You knew the following spells:

 Your Spells              Type           Power        Failure   Level  Hunger
a - Beastly Appendage     Tmut           ######       1%          1    None
b - Sticks to Snakes      Tmut           ######..     1%          2    None
c - Spider Form           Tmut/Pois      ######....   1%          3    None
d - Ice Form              Ice/Tmut       ######..     1%          4    #......
e - Mephitic Cloud        Conj/Pois/Air  ######..     1%          3    None
f - Petrify               Tmut/Erth      ######..     2%          4    #......
g - Lightning Bolt        Conj/Air       ######....   7%          5    ####...


Dungeon Overview and Level Annotations

Branches:
Dungeon (12/15)            Temple (0/1) D:4            Lair (2/6) D:8
    Orc (1/2) D:12
  Swamp: Lair:2-4    Shoals: Lair:2-4     Snake: Lair:2-4    Spider: Lair:2-4

Altars:
Ashenzari
Cheibriados
Dithmenos
Fedhas
Gozag
Hepliaklqana
Kikubaaqudgha
Makhleb
Trog
Uskayaw
Wu Jian
Xom
Yredelemnul
Zin
Beogh

Shops:
D:4 :   D:6 =   D:12 ?[*[

Portals:
Trove: D:10 (show abyssal rune of Zot)

Annotations:
D:11 Josephine, Urug


Innate Abilities, Weirdness & Mutations

You cannot wear most types of armour.
You are very stealthy in the water. (Stealth+)
You are amphibious.
You can wear up to eight rings at the same time.
((You can use your tentacles to constrict eight enemies at once.))
((Your skin changes colour to match your surroundings (Stealth+).))
((Your rubbery body absorbs attacks. (AC +1, EV +1)))
You are clumsy. (Dex -2)
You have an increased reservoir of magic. (+10% MP)
You are resistant to hostile enchantments. (MR+)


Message History

The orc warrior hits you with a war axe!!
The orc shouts!
There is a staircase back to the Dungeon here.
The orc warrior hits you with a flail!!
* * * LOW HITPOINT WARNING * * *
The gnoll misses you.
You climb upwards.
Welcome back to the Dungeon!
There is a staircase to the Orcish Mines here.
You step out of the flow of time.
You return to the normal time flow.
You feel somewhat more hungry.
Items here: ! ( )) [ ÷
Things that are here:
a club; a whip; an orc skeleton The orc warrior shouts!
The orc warrior throws a tomahawk of returning.
The tomahawk of returning hits you.
* * * LOW HITPOINT WARNING * * *
The orc warrior throws a tomahawk of returning.
The tomahawk of returning hits you!!
You die...

,,,,,,,,,* #.##########...#....
,,,,,,,,,* #.##.....# ##.######
,,,,,,,*** #.##.....# #.#
,,,,,,,* #.##.._[.# #.# ,,,,,***
#.##.....# ##+## ,,,,,*
#.##....o###...## *,,***
#####.####'####.....## *,,***
#...>÷.#8.[.8#o......##
*,,,,****#.###.(Y)[............##
,,,,,,,,.......)[)!>.[.........+.
*,,,,***##.###.................##
**,*,** *,* #.#..#####.....(.##
*,,,,* *,* #.##.# ##.....##
*,*,,* *,* #.##.# ##...## *,,,,*
*,**#.##.# ##+## *,,*,*
*,,,.o,..# *,* *,,*,* *****,*###
*,*


You could see 2 orc warriors.

Vanquished Creatures
  A hydra (Lair:1)
  A two-headed ogre (D:9)
  A centaur warrior (D:9)
  An unseen horror (D:12)
  An orc knight (D:12)
  2 ugly things (D:11)
  A cyclops (D:9)
  The ghost of Volvagia the Insei, a novice OpMo of Hepliaklqana (D:6)
  The ghost of MorganLeah the Skirmisher, a novice HOAM of Okawaru (D:4)
  A torpor snail (Lair:2)
  2 spiny frogs
  2 komodo dragons
  A troll (D:9)
  2 hornets
  A hippogriff (D:12)
  3 dream sheep (Lair:2)
  A shadow (D:11)
  2 wraiths (D:10)
  2 wyverns
  4 yaks
  A hungry ghost (D:8)
  4 water moccasins
  4 porcupines
  Duvessa (D:7)
  2 slaves (D:6)
  A black bear (D:8)
  6 sky beasts
  An orc warrior (D:10)
  4 phantoms
  An eye of draining (D:11)
  8 ice beasts
  2 necrophages
  7 ogres
  3 wolves (D:8)
  6 centaurs
  2 big kobolds
  A crocodile (Lair:2)
  Blork the orc (D:6)
  8 bullfrogs
  An elf skeleton (D:10)
  A water moccasin zombie (Ossuary)
  7 scorpions
  12 killer bees
  2 troll skeletons (D:10)
  12 wights
  3 howler monkeys
  A centaur zombie (D:9)
  5 crimson imps
  A bullfrog zombie (D:6)
  2 quasits
  A human zombie (D:10)
  7 orc priests
  10 hounds
  15 orc wizards
  6 bullfrog skeletons
  A centaur skeleton (D:10)
  2 jellies
  Jessica (D:3)
  4 iguanas
  Ijyb (D:4)
  3 human skeletons (D:10)
  9 worker ants
  4 big kobold zombies (Ossuary)
  A hound zombie (D:9)
  3 mummies
  A worker ant zombie (D:6)
  A howler monkey skeleton (D:11)
  A gnoll (Orc:1)
  10 adders
  3 shadow imps
  An ooze (D:5)
  6 adder zombies (Ossuary)
  2 adder skeletons
  2 worms
  6 dart slugs
  4 leopard geckos
  47 orcs
  8 giant cockroaches
  16 goblins
  9 hobgoblins
  14 jackals
  6 quokkas
  11 bats
  9 frilled lizards
  4 gnoll zombies (Ossuary)
  6 hobgoblin zombies (Ossuary)
  A jackal skeleton (D:9)
  13 kobolds
  2 kobold zombies (Ossuary)
  A leopard gecko skeleton (D:4)
  A leopard gecko zombie (D:7)
  4 orc zombies (Ossuary)
  A quokka skeleton (D:9)
  A quokka zombie (D:8)
  7 rats
  A rat zombie (D:8)
408 creatures vanquished.

Vanquished Creatures (collateral kills)
  Gastronok (D:8)
  Fannar (Lair:1)
  3 two-headed ogres
  Pikel (D:6)
  Joseph (D:7)
  2 yaks
  Grum (D:8)
  3 water moccasins
  3 orc warriors
  A slave (D:6)
  2 ogres
  A crocodile (Lair:2)
  3 bullfrogs
  Dowan (D:7)
  3 killer bees
  A crimson imp (D:5)
  An orc wizard (D:12)
  A gnoll shaman (D:8)
  2 orc priests (D:9)
  2 worker ants
  A hound skeleton (D:9)
  A leopard gecko (D:8)
  7 orcs
  A jackal (D:9)
44 creatures vanquished.

Vanquished Creatures (others)
  A slave (D:6)
  A crimson imp (D:6)
  2 orcs (D:6)
  4 fungi (D:8)
  2 plants (D:8)
10 creatures vanquished.

Grand Total: 462 creatures vanquished

Notes
Turn   | Place    | Note
-------+----------+-------------------------------------------
     0 | D:1      | Copingsaw the Octopode Transmuter began the quest for the Orb.
     0 | D:1      | Reached XP level 1. HP: 13/13 MP: 3/3
    81 | D:1      | Reached XP level 2. HP: 3/18 MP: 3/5
   557 | D:1      | Reached skill level 1 in Stealth
   660 | D:1      | Reached XP level 3. HP: 21/23 MP: 4/6
   991 | D:1      | Found an opulent altar of Gozag.
  1481 | D:2      | Learned a level 2 spell: Sticks to Snakes
  1485 | D:2      | Learned a level 3 spell: Spider Form
  2066 | D:2      | Reached XP level 4. HP: 26/28 MP: 5/7
  2616 | D:3      | Found a faded altar of an unknown god.
  2618 | D:3      | Noticed Jessica
  2625 | D:3      | Killed Jessica
  2794 | D:3      | Found a snail-covered altar of Cheibriados.
  2805 | D:3      | Became a worshipper of Cheibriados the Contemplative
  3032 | D:3      | Reached XP level 5. HP: 33/33 MP: 7/9
  3043 | D:3      | HP: 1/33 [orc wizard/magic dart (8)]
  3271 | D:3      | Found a burning altar of Makhleb.
  3600 | D:3      | Reached * piety under Cheibriados
  3600 | D:3      | Reached skill level 1 in Poison Magic
  3889 | D:3      | Reached XP level 6. HP: 38/38 MP: 6/10
  4011 | D:4      | Noticed MorganLeah's ghost (novice HOAM)
  4199 | D:4      | Noticed a phantom
  4412 | D:4      | Killed a phantom
  4412 | D:4      | Reached skill level 5 in Transmutations
  4412 | D:4      | Reached XP level 7. HP: 22/43 MP: 7/11
  4420 | D:4      | Learned a level 4 spell: Ice Form
  4614 | D:4      | Found Ijuicer's Book Boutique.
  4679 | D:4      | Found a staircase to the Ecumenical Temple.
  4725 | D:4      | Found a hide-covered altar of Uskayaw.
  4890 | D:4      | Noticed Ijyb
  4906 | D:4      | Killed Ijyb
  4913 | D:4      | Reached ** piety under Cheibriados
  5048 | D:4      | Found a shattered altar of Ashenzari.
  5048 | D:4      | Found a hazy altar of Hepliaklqana.
  5049 | D:4      | Found a bloodstained altar of Trog.
  5655 | D:5      | Entered Level 5 of the Dungeon
  5753 | D:5      | Reached skill level 1 in Ice Magic
  5759 | D:5      | Reached XP level 8. HP: 26/48 MP: 7/12
  7120 | D:6      | Noticed Volvagia's ghost (novice OpMo)
  7155 | D:6      | Reached skill level 5 in Ice Magic
  7631 | D:6      | Killed Volvagia's ghost
  7787 | D:6      | Reached *** piety under Cheibriados
  8160 | D:6      | Reached XP level 9. HP: 46/53 MP: 6/13
  8496 | D:6      | Noticed Blork the orc
  9035 | D:6      | Noticed Pikel
  9045 | D:6      | Killed Pikel
  9072 | D:6      | Reached **** piety under Cheibriados
  9097 | D:6      | Found Potil's Jewellery Shop.
  9814 | D:7      | Noticed Duvessa
  9816 | D:7      | Noticed Dowan
  9821 | D:7      | Killed Duvessa
  9825 | D:7      | Killed Dowan
  9927 | D:7      | Reached skill level 5 in Unarmed Combat
  9927 | D:7      | Reached XP level 10. HP: 58/58 MP: 6/14
 10055 | D:7      | Noticed Joseph
 10081 | D:7      | Killed Joseph
 10158 | D:7      | Found a shimmering altar of Xom.
 10159 | D:7      | Noticed an angel
 10178 | D:7      | Found a glowing silver altar of Zin.
 10389 | D:8      | Noticed Grum
 10410 | D:8      | Killed Grum
 10410 | D:8      | Reached ***** piety under Cheibriados
 10570 | D:8      | Found a sand-covered staircase.
 10603 | Ossuary  | Entered an ossuary
 10915 | Ossuary  | Gained mutation: You have an increased reservoir of magic. (+10% MP) [potion of mutation]
 10915 | Ossuary  | Gained mutation: You are clumsy. (Dex -2) [potion of mutation]
 10915 | Ossuary  | Gained mutation: You are resistant to hostile enchantments. (MR+) [potion of mutation]
 10917 | Ossuary  | Identified a scroll of acquirement
 10923 | Ossuary  | Learned a level 3 spell: Mephitic Cloud
 11031 | D:8      | Reached skill level 1 in Conjurations
 11048 | D:8      | Reached skill level 1 in Air Magic
 11052 | D:8      | Found a staircase to the Lair.
 11447 | D:8      | Noticed Gastronok
 11449 | D:8      | Found a blossoming altar of Fedhas.
 11714 | D:8      | Reached skill level 1 in Invocations
 11852 | D:8      | Reached skill level 2 in Invocations
 11907 | D:8      | Killed Gastronok
 11907 | D:8      | Reached skill level 6 in Invocations
 12151 | D:8      | Reached XP level 11. HP: 63/63 MP: 9/17
 12189 | D:8      | Reached skill level 7 in Invocations
 12417 | D:9      | Found an ornate altar of the Wu Jian Council.
 12525 | D:9      | Noticed a cyclops
 12537 | D:9      | Killed a cyclops
 12537 | D:9      | Reached skill level 8 in Invocations
 12692 | D:9      | Noticed a two-headed ogre
 12698 | D:9      | Noticed a centaur warrior
 12707 | D:9      | Noticed a two-headed ogre
 12730 | D:9      | Killed a centaur warrior
 12742 | D:9      | Reached skill level 9 in Invocations
 12930 | D:9      | HP: 3/75 [two-headed ogre/giant club (18)]
 13335 | D:9      | Found a shadowy altar of Dithmenos.
 13408 | D:9      | Killed a two-headed ogre
 13616 | D:9      | Reached ****** piety under Cheibriados
 13740 | D:9      | Found a basalt altar of Yredelemnul.
 13797 | D:9      | Killed a two-headed ogre
 13797 | D:9      | Reached skill level 10 in Invocations
 13942 | D:4      | Killed MorganLeah's ghost
 13946 | D:4      | Bought a book of Misfortune for 220 gold pieces
 14032 | D:6      | Killed Blork the orc
 14147 | D:10     | Entered Level 10 of the Dungeon
 14465 | D:10     | Noticed a two-headed ogre
 14571 | D:10     | Learned a level 4 spell: Petrify
 14590 | D:10     | Killed a two-headed ogre
 14827 | D:10     | Noticed a two-headed ogre
 14848 | D:10     | Killed a two-headed ogre
 15448 | D:10     | Found a portal to a secret trove of treasure.
 15881 | D:10     | Reached skill level 5 in Air Magic
 15994 | D:10     | Found an ancient bone altar of Kikubaaqudgha.
 16163 | D:10     | Reached XP level 12. HP: 69/69 MP: 17/21
 16398 | D:11     | Noticed Urug
 16876 | D:11     | Noticed Josephine
 16947 | D:11     | Reached skill level 5 in Conjurations
 17009 | D:11     | Noticed a fire dragon
 17326 | Lair:1   | Entered Level 1 of the Lair of Beasts
 17326 | Lair:1   | Noticed Fannar
 17399 | Lair:1   | Killed Fannar
 18053 | Lair:1   | Noticed an eight-headed hydra
 18062 | Lair:1   | Killed an eight-headed hydra
 18062 | Lair:1   | Reached skill level 5 in Spellcasting
 18878 | Lair:2   | Learned a level 5 spell: Lightning Bolt
 20599 | D:12     | Found Tonul's Antique Armour Boutique.
 20603 | D:12     | Found Fuexteal's Magic Scroll Boutique.
 20604 | D:12     | Found Newurext's Assorted Antiques.
 20604 | D:12     | Found Jihowo's Antique Armour Boutique.
 20615 | D:12     | Bought a scroll of magic mapping for 45 gold pieces
 20615 | D:12     | Bought a scroll of identify for 26 gold pieces
 20615 | D:12     | Bought a scroll of identify for 26 gold pieces
 20620 | D:12     | Bought a brightly glowing golden ring for 125 gold pieces
 20620 | D:12     | Identified the ring "Bivogu" {rC- MR+ MP+9 Dex+6 Stlth+} (You bought it in a shop on level 12 of the Dungeon)
 20752 | D:12     | Found a staircase to the Orcish Mines.
 20789 | D:12     | Found a roughly hewn altar of Beogh.
 20899 | Orc:1    | Entered Level 1 of the Orcish Mines
 20915 | D:12     | Hit by a tomahawk of returning thrown by an orc warrior

Vault maps used:
D:1:      dpeg_arrival_pond, kennysheep_flooded_box
D:2:      serial_forest, infiniplex_forest_straight_2,
          infiniplex_forest_clump_large, infiniplex_forest_clump_small,
          infiniplex_forest_lined_3, infiniplex_forest_straight_4,
          infiniplex_forest_corner_1, infiniplex_forest_clump_curved
D:3:      lemuel_crystal_altar, chequers_ecumenical_altar_simple,
          makhleb_heckhound_becter, uniq_jessica
D:4:      kennysheep_the_goblin_king, kennysheep_little_box,
          gammafunk_temple_overflow_claw, minmay_temple_entry_enclosed_plants,
          serial_shops, shop
D:5:      first_bread
D:6:      minmay_flawed_box, serial_shops, nicolae_shop_trees, uniq_pikel,
          uniq_blork_the_orc
D:7:      grunt_temple_overflow_order_and_chaos_1, serial_glass,
          glass_columns_a, glass_columns_a, uniq_duvessa, uniq_joseph
D:8:      dpeg_oklobed_lair, enter_ossuary_4, basic_altar, uniq_grum,
          uniq_gastronok
D:9:      kennysheep_mini_moat, grunt_dithmenos_smoke_and_mirrors,
          nicolae_overflow_crystal_walls, grunt_ogre_cave
D:10:     nicolae_trove_entry_crossroad, roderic_batcave,
          lemuel_mausoleum_altar_kikubaaqudgha
D:11:     minmay_the_grid_square_5x5_3x3, uniq_urug, uniq_josephine
D:12:     minmay_bloctagon, minmay_orc_entry_temple_small, minivault_27,
          minmay_shop_grid_forest, grunt_ministairs_14
Lair:1:   lemuel_fruit_tree, uniq_fannar
Lair:2:   infiniplex_staircase_pool_2
Orc:1:    mines1_david
Ossuary:  ossuary_tomb_2

Skill      XL: |  1  2  3  4  5  6  7  8  9 10 11 12 |
---------------+-------------------------------------+-----
Stealth        | 1 2 3 9 |  9.2
Unarmed Combat | 4 5 7 |  7.1
Transmutations | 3 5 6 8 9 |  9.3
Poison Magic   | 1 2 4 |  4.0
Spellcasting   | 3 6 |  6.6
Ice Magic      | 2 5 |  5.1
Conjurations   | 2 5 |  5.3
Air Magic      | 2 5 7 |  7.4
Invocations    | 6 10 | 10.2
Earth Magic    | 3 |  3.4
Dodging        | 3 |  3.3
Fighting       | |  1.2
Slings         | |  0.6

Action                   |  1- 3 |  4- 6 |  7- 9 | 10-12 || total
-------------------------+-------+-------+-------+-------++-------
Melee: Unarmed           |    98 |   105 |   242 |   599 ||  1044
       Constrict         |    30 |    13 |       |       ||    43
       Kick              |    21 |    12 |       |       ||    33
       Tentacles         |    14 |     6 |       |       ||    20
       Punch             |     3 |     3 |       |       ||     6
       Hunting sling     |       |     4 |       |       ||     4
 Fire: Hunting sling     |       |    15 |       |       ||    15
       Blowgun           |       |     6 |    29 |    38 ||    73
Throw: Stone             |       |     1 |       |       ||     1
 Cast: Beastly Appendage |    33 |    15 |     2 |     6 ||    56
       Spider Form       |       |    19 |    24 |     3 ||    46
       Sticks to Snakes  |       |     6 |    21 |    50 ||    77
       Ice Form          |       |       |    21 |   104 ||   125
       Mephitic Cloud    |       |       |       |    19 ||    19
       Petrify           |       |       |       |    15 ||    15
       Lightning Bolt    |       |       |       |     2 ||     2
Invok: Step From Time    |       |       |       |     3 ||     3
  Use: Scroll            |       |    11 |     2 |    16 ||    29
       Potion            |       |     3 |       |     3 ||     6
 Stab: Sleeping          |    15 |     4 |     4 |    29 ||    52
       Distracted        |       |       |     1 |     9 ||    10
       Confused          |       |       |       |     8 ||     8
       Petrified         |       |       |       |    28 ||    28
       Petrifying        |       |       |       |     2 ||     2
  Eat: Chunk             |     3 |    10 |    14 |     9 ||    36
       Fruit             |       |       |       |     8 ||     8
       Bread ration      |       |       |       |     4 ||     4
       Royal jelly       |       |       |       |     1 ||     1
Armor: Skin              |    10 |     7 |    21 |   171 ||   209
Dodge: Dodged            |    42 |    63 |   163 |   273 ||   541
